Map: 2000 Atmospheres LE

Players

GogojOey - Winner!

  • Race: Zerg Zerg

MysteryMan

  • Race: Zerg Zerg

VOD

Have the link to the VOD?

Description

Time

  • Played on: Sept. 30, 2021, 9:17 a.m.
  • Length: 9:30
Show
View Real Time Build Order
Export as new Build Order

GogojOey Zerg - Winner!

Build Orders: Pool First 

Get SALT Encoding   

  12  0:00  Drone  
  13  0:12  Overlord  
  13  0:17  Drone  
  14  0:31  Drone x2  
  14  0:34  Drone  
  17  0:44  Extractor  
  17  0:45  Drone  
  17  0:49  Spawning Pool  
  16  0:56  Drone  
  17  1:07  Drone  
  18  1:17  Hatchery  
  17  1:20  Drone  
  18  1:28  Drone  
  19  1:35  Queen  
  19  1:39  Zergling x2  
  22  1:47  Metabolic Boost  
  22  1:52  Overlord  
  22  2:08  Baneling Nest  
  22  2:09  Zergling x2  
  22  2:11  Queen  
  24  2:19  Drone  
  24  2:22  Drone  
  26  2:29  Drone  
  27  2:33  Drone  
  28  2:42  Drone  
  28  2:43  Drone  
  28  2:44  Drone  
  31  2:45  Drone  
  31  2:48  Drone  
  33  2:54  Baneling  
  33  2:55  Overlord  
  33  3:00  Zergling x2  
  33  3:03  Drone  
  34  3:12  Drone  
  35  3:14  Drone  
  35  3:16  Hatchery  
  35  3:19  Zergling x2  
  36  3:22  Baneling  
  36  3:23  Zergling x8  
  39  3:29  Drone x2  
  41  3:36  Roach Warren  
  41  3:37  Drone  
  41  3:41  Overlord  
  41  3:42  Drone  
  41  3:43  Drone  
  41  3:46  Evolution Chamber  
  42  3:50  Drone  
  43  3:58  Overlord  
  43  4:01  Drone x4  
  47  4:05  Drone x2  
  47  4:07  Drone  
  50  4:10  Drone  
  50  4:12  Zerg Ground Armor Level 1  
  51  4:17  Roach Warren  
  51  4:19  Overlord  
  51  4:21  Queen  
  51  4:23  Extractor  
  51  4:24  Drone  
  52  4:29  Drone x3  
  55  4:34  Extractor  
  55  4:36  Overlord  
  54  4:42  Drone x3  
  54  4:43  Drone x2  
  59  4:56  Lair  
  59  5:00  Zergling x20  
  69  5:13  Overlord x2  
  69  5:15  Overlord  
  69  5:21  Drone, Extractor  
  68  5:22  Drone x2  
  71  5:29  Roach, Overlord  
  71  5:30  Roach x4  
  81  5:37  Roach x2  
  81  5:40  Roach x4  
  93  5:45  Roach  
  93  5:49  Roach  
  97  5:54  Roach  
  97  5:56  Roach  
  101  5:57  Overseer  
  101  6:00  Zergling x2  
  101  6:04  Extractor, Overlord x2  
  101  6:05  Drone x2  
  101  6:06  Drone  
  101  6:09  Zerg Missile Weapons Level 1  
  101  6:10  Drone x2  
  106  6:12  Roach x2  
  106  6:15  Overlord  
  106  6:17  Zergling x4, Roach  
  114  6:21  Overlord  
  114  6:27  Overlord  
  114  6:28  Drone  
  115  6:33  Roach x2  
  115  6:39  Roach x6  
  131  6:42  Glial Reconstitution  
  131  6:45  Drone  
  132  6:52  Drone x2  
  132  6:53  Roach x2  
  132  6:54  Roach x3  
  144  6:59  Roach  
  146  7:06  Overlord  
  146  7:09  Roach x2  
  146  7:11  Roach x2  
  146  7:14  Overlord x2  
  153  7:18  Overlord  
  153  7:24  Extractor  
  153  7:25  Spire, Roach x3  
  153  7:28  Roach  
  159  7:35  Roach x4  
  164  7:39  Roach x2  
  164  7:43  Drone x2  
  165  7:45  Roach  
  165  7:46  Roach x2  
  166  7:51  Drone x2  
  166  7:52  Roach x2  
  166  7:55  Ravager  
  166  7:56  Roach  
  166  7:57  Roach  
  177  8:01  Roach x2  
  180  8:06  Roach x2  
  184  8:17  Overlord x2  
  184  8:26  Roach x2  
  186  8:29  Overlord  
  183  8:39  Mutalisk x3  
  189  8:42  Zergling x12  
  189  8:46  Mutalisk  
  177  8:56  Roach  
  177  8:57  Roach x4  
  177  9:01  Roach x3  
  177  9:02  Roach x2  
Show
View Real Time Build Order
Export as new Build Order

MysteryMan Zerg 

Build Orders: Pool First 

Get SALT Encoding   

  12  0:00  Drone  
  13  0:12  Overlord  
  13  0:17  Drone  
  14  0:30  Drone x2  
  16  0:40  Extractor  
  15  0:43  Spawning Pool  
  15  0:46  Drone  
  15  0:50  Drone  
  15  0:56  Drone  
  17  1:17  Hatchery  
  16  1:30  Zergling x6  
  19  1:39  Metabolic Boost  
  19  1:46  Queen  
  21  1:53  Overlord  
  21  1:57  Drone  
  22  2:11  Drone  
  22  2:13  Drone  
  24  2:22  Queen  
  26  2:25  Drone  
  27  2:30  Drone  
  28  2:43  Queen  
  28  2:44  Drone  
  31  2:45  Drone  
  31  2:49  Baneling Nest  
  31  2:50  Drone  
  31  2:51  Spine Crawler  
  30  2:54  Drone  
  30  2:57  Drone  
  32  3:03  Overlord  
  32  3:07  Drone  
  32  3:09  Drone  
  34  3:15  Drone x2  
  35  3:27  Lair  
  35  3:30  Drone x3, Evolution Chamber  
  38  3:35  Roach Warren  
  38  3:37  Drone  
  38  3:44  Evolution Chamber  
  38  3:46  Drone x3  
  40  3:53  Overlord  
  40  3:55  Zerg Missile Weapons Level 1  
  40  3:59  Drone x3  
  40  4:00  Extractor  
  42  4:05  Drone x2  
  42  4:07  Extractor  
  43  4:10  Overlord  
  43  4:12  Drone x2  
  45  4:18  Roach x2  
  49  4:28  Overseer  
  49  4:31  Drone x2  
  51  4:32  Drone x2  
  51  4:34  Roach x3  
  59  4:46  Glial Reconstitution  
  59  4:58  Drone  
  60  5:00  Overlord  
  60  5:01  Overlord  
  60  5:02  Hatchery  
  60  5:06  Overlord  
  59  5:08  Drone  
  59  5:09  Extractor  
  59  5:11  Drone  
  60  5:14  Overlord  
  60  5:20  Drone x6  
  66  5:27  Drone  
  67  5:32  Drone  
  68  5:36  Drone x3  
  68  5:40  Roach  
  73  5:46  Roach x4  
  73  5:49  Zerg Missile Weapons Level 2  
  81  5:50  Zerg Ground Armor Level 1  
  81  5:52  Roach  
  81  5:53  Overseer  
  81  5:56  Overlord  
  83  6:03  Overlord  
  83  6:06  Extractor  
  82  6:12  Overlord  
  82  6:16  Roach x5  
  92  6:20  Drone  
  92  6:21  Drone  
  92  6:22  Roach  
  96  6:29  Roach x3  
  102  6:38  Roach x5  
  112  6:43  Overlord x2  
  112  6:44  Overlord  
  112  6:49  Overlord  
  112  6:59  Overlord  
  112  7:00  Roach  
  114  7:04  Roach x5  
  114  7:05  Roach x2  
  128  7:10  Overlord  
  128  7:13  Roach x2  
  128  7:15  Roach x2  
  138  7:22  Roach  
  138  7:23  Roach x3  
  138  7:29  Roach  
  150  7:30  Roach x2  
  146  7:37  Ravager  
  146  7:38  Roach x4  
  150  7:50  Roach x6  
  162  7:55  Overlord  
  162  7:59  Overlord  
  162  8:02  Overlord  
  162  8:03  Roach x4  
  162  8:12  Queen  
  162  8:13  Spire  
  162  8:16  Overlord x2  
  162  8:19  Extractor  
  163  8:20  Ravager x4  
  163  8:26  Drone x7  
  167  8:27  Roach  
  167  8:28  Roach  
  165  8:35  Roach  
  165  8:36  Roach  
  160  8:41  Roach  
  160  8:42  Roach x2  
  141  8:56  Roach x5  
  141  9:01  Roach  
  141  9:02  Roach x2  
  136  9:07  Ravager  
Tags
 
Add a new tag
Caveats
  • Supply blocks, unpowered buildings, or Contaminate may cause inaccurate times.
  • Supply counts are checked every 10 seconds.